 Dungeon Crawl Stone Soup version 0.24.0-125-gc4c63601f3 (webtiles) character file.

Game seed: 14182896670763397617, levelgen mode: deterministic

1439 Curus the Spear-Bearer (level 8, 0/94 HPs)
             Began as a Pale Draconian Berserker on Mar 2, 2020.
             Was a Priest of Trog.
             Slain by a killer bee (1 damage)
             ... on level 7 of the Dungeon.
             The game lasted 00:16:53 (4646 turns).

Curus the Spear-Bearer (Pale Draconian Berserker)   Turns: 4646, Time: 00:16:54

Health: 0/94       AC:  9    Str: 25    XL:     8   Next: 45%
Magic:  7/7        EV: 13    Int:  7    God:    Trog [***...]
Gold:   355        SH:  0    Dex: 13    Spells: 7/7 levels left

rFire    + . .     SeeInvis .   m - +3 trident
rCold    + . .     Gourm    .   (no shield)
rNeg     . . .     Faith    .   (armour unavailable)
rPois    .         Spirit   .   (helmet restricted)
rElec    +         Reflect  .   f - +1 cloak
rCorr    .         Harm     .   (no gloves)
MR       ++...                  k - +0 pair of boots
Stlth    ..........             (no amulet)
HPRegen  1.25/turn              c - ring of protection from fire
MPRegen  0.10/turn              n - ring of protection from cold

@: berserking, lethally poisoned (0 -> -5), regenerating, very quick
A: breathe steam, unfitting armour, low mp 1, electricity resistance,
cold-blooded, MP-powered wands, AC +6
a: Breathe Steam, Berserk, Trog's Hand, Renounce Religion


You were on level 7 of the Dungeon.
You worshipped Trog.
Trog was most pleased with you.
You were near starving.

You visited 1 branch of the dungeon, and saw 7 of its levels.

You collected 355 gold pieces.

Inventory:

Hand Weapons
 a - a +0 spear
 m - a +3 trident (weapon)
Armour
 f - a +1 cloak (worn)
 k - a +0 pair of boots (worn)
Jewellery
 c - a ring of protection from fire (left hand)
 h - an uncursed ring of flight
 n - a ring of protection from cold (right hand)
 o - an uncursed ring of fire
 q - an uncursed amulet of inaccuracy
Wands
 r - a wand of iceblast (8)
Scrolls
 d - 5 scrolls of identify
 e - a scroll of amnesia
 g - 2 scrolls of teleportation
 i - 4 scrolls of random uselessness
 l - 5 scrolls of remove curse
Potions
 j - a potion of heal wounds
 p - 2 potions of might
Comestibles
 b - 8 rations
 s - 2 chunks of flesh


   Skills:
 - Level 3.2 Fighting
 + Level 10.8 Polearms
 - Level 2.6 Dodging


You had 7 spell levels left.
You didn't know any spells.
Your spell library was empty.

Dungeon Overview and Level Annotations

Branches:
Dungeon (7/15)
 Temple: D:4-7

Altars:
Ashenzari
Gozag
Hepliaklqana
Kikubaaqudgha
Makhleb
Okawaru
Trog
Uskayaw
Xom
Yredelemnul
Zin
The Shining One

Annotations:
D:4 1 runed translucent door


Innate Abilities, Weirdness & Mutations

You can breathe blasts of scalding, opaque steam.
Your pale cyan-grey scales are hard. (AC +6)
You cannot fit into any form of body armour.
You are cold-blooded and may be slowed by cold attacks.
Your magical capacity is low. (-10% MP)
You are resistant to electric shocks. (rElec)
You expend magic power (3 MP) to strengthen your wands.


Message History

The crimson imp picks up a beetle and eats it.
You barely miss the killer bee. You tail-slap the killer bee!
You kill the killer bee!
Trog accepts your kill.
You feel sick. The killer bee barely misses you.
The killer bee closely misses you.
The killer bee stings you but does no damage.
You miss the killer bee.
You feel sick. The killer bee closely misses you.
The killer bee barely misses you. The killer bee misses you.
You closely miss the killer bee.
Your tail-slap misses the killer bee.
You feel sick. The killer bee misses you. The killer bee barely misses you.
The killer bee stings you.
* * * LOW HITPOINT WARNING * * *
Unknown command.
You miss the killer bee.
* * * LOW HITPOINT WARNING * * *
You feel sick. The killer bee stings you.
* * * LOW HITPOINT WARNING * * *
The killer bee stings you.
You die...

#... #... #§.y. #### ###
#.... #y@##+##.⌠# #...y.
#y5y......#
#...#.##........#
#.......#.......# .
..#.#...'..._...+.. #....#
..#...#.......... #.....
......##.......#####.....
#......#.........#........
#...#...⌠..#+##.⌠#..#.....


You could see 3 killer bees and a crimson imp.

Vanquished Creatures
  Pikel (D:5)
  A hungry ghost (D:7)
  A centaur (D:6)
  2 bullfrogs
  The ghost of jaiteiro the Grasshopper, a weakling TrWr (D:4)
  3 killer bees (D:7)
  3 jellies
  2 bullfrog zombies (D:6)
  A hound (D:6)
  An orc wizard (D:5)
  A killer bee zombie (D:6)
  A mummy (D:5)
  3 gnolls (D:4)
  3 adders
  A river rat (D:4)
  A shadow imp (D:6)
  7 oozes (D:4)
  An adder zombie (D:6)
  A worm (D:3)
  4 dart slugs
  A leopard gecko (D:1)
  13 orcs
  4 giant cockroaches
  9 goblins
  2 hobgoblins (D:1)
  4 jackals (D:4)
  17 kobolds
  4 quokkas
  6 bats
  2 frilled lizards
  A hobgoblin zombie (D:5)
  A kobold zombie (D:5)
  2 orc zombies (D:5)
  9 rats
114 creatures vanquished.

Vanquished Creatures (others)
  9 toadstools (D:4)
9 creatures vanquished.

Grand Total: 123 creatures vanquished

Notes
Turn   | Place    | Note
-------+----------+-------------------------------------------
     0 | D:1      | Curus the Draconian Berserker began the quest for the Orb.
     0 | D:1      | Reached XP level 1. HP: 19/19 MP: 1/1
   176 | D:1      | Reached XP level 2. HP: 25/26 MP: 2/2
   290 | D:1      | Reached skill level 4 in Polearms
   570 | D:1      | Reached ** piety under Trog
   666 | D:2      | Reached XP level 3. HP: 31/31 MP: 3/3
   821 | D:2      | Found a glowing silver altar of Zin.
   906 | D:2      | Found an ancient bone altar of Kikubaaqudgha.
  1088 | D:2      | Gained mutation: Your magical capacity is low. (-10% MP)
                  | [potion of mutation]
  1088 | D:2      | Gained mutation: You are resistant to electric shocks.
                  | (rElec) [potion of mutation]
  1088 | D:2      | Gained mutation: You expend magic power (3 MP) to
                  | strengthen your wands. [potion of mutation]
  1096 | D:2      | You fall into a shaft and drop 2 floors!
  1114 | D:4      | Reached XP level 4. HP: 8/38 MP: 3/3
  1409 | D:4      | Reached skill level 5 in Polearms
  1434 | D:3      | Found a shimmering altar of Xom.
  1899 | D:3      | Found an iron altar of Okawaru.
  2314 | D:3      | Found a burning altar of Makhleb.
  2454 | D:3      | Found a glowing golden altar of the Shining One.
  2523 | D:4      | Found a runed translucent door.
  2594 | D:4      | Found a hazy altar of Hepliaklqana.
  2668 | D:4      | Noticed jaiteiro's ghost (weakling TrWr)
  2668 | D:4      | Noticed a bullfrog
  2684 | D:4      | Found a runed translucent door.
  2828 | D:4      | Reached XP level 5. HP: 41/45 MP: 4/4
  2836 | D:4      | Reached skill level 6 in Polearms
  2857 | D:4      | Reached *** piety under Trog
  3037 | D:4      | Reached XP level 6. HP: 33/51 MP: 5/5
  3055 | D:4      | Killed jaiteiro's ghost
  3055 | D:4      | Reached skill level 7 in Polearms
  3300 | D:5      | Entered Level 5 of the Dungeon
  3376 | D:5      | Found a basalt altar of Yredelemnul.
  3376 | D:5      | Found a hide-covered altar of Uskayaw.
  3490 | D:5      | Found an opulent altar of Gozag.
  3653 | D:5      | Noticed Pikel
  3653 | D:5      | Noticed a slave
  3653 | D:5      | Noticed a slave
  3654 | D:5      | Noticed a slave
  3655 | D:5      | Noticed a slave
  3681 | D:5      | Killed Pikel
  3681 | D:5      | Reached skill level 9 in Polearms
  3681 | D:5      | Your scales start taking on a pale cyan-grey colour.
  3681 | D:5      | Reached XP level 7. HP: 43/57 MP: 6/6
  4258 | D:6      | Reached XP level 8. HP: 41/63 MP: 7/7
  4295 | D:6      | Found a bloodstained altar of Trog.
  4356 | D:6      | Reached skill level 10 in Polearms
  4603 | D:7      | Reached **** piety under Trog
  4610 | D:7      | Found a shattered altar of Ashenzari.
  4645 | D:7      | HP: 4/94 [killer bee (4)]
  4646 | D:7      | HP: 1/94 [killer bee (3)]
  4646 | D:7      | Slain by a killer bee

Levels and vault maps discovered:
D:1:      dpeg_arrival_concentric_ovals, layout_basic
D:2:      layout_loops_ring, zin_scriptorium, marbit_many_paths, first_ration,
          minmay_pentomino_v4
D:3:      layout_loops_ring, lemuel_round_altar, overflow_temple_1_default,
          nicolae_tso_swordbearing_angel, overflow_temple_1_default,
          hangedman_decor_opposing, chequers_serial_rivers_room_b
D:4:      cheibrodos_fertilizer, layout_cave_pools, kennysheep_mini_moat,
          ebering_ghost_sewer_f
D:5:      layout_basic, lemuel_doored_altar, gammafunk_temple_overflow_wave,
          minmay_mini_ossuary, uniq_pikel
D:6:      layout_loops_cross, lightli_temple_of_fire
D:7:      layout_gridville, evilmike_ruin_ashenzari, temple_green

Skill      XL: |  1  2  3  4  5  6  7  8 |
---------------+-------------------------+-----
Polearms       | 4 5 6 9 10 | 10.8
Fighting       | |  3.2
Dodging        | |  2.6

Action                   |  1- 3 |  4- 6 |  7- 9 || total
-------------------------+-------+-------+-------++-------
Melee: Spear             |   123 |    51 |       ||   174
       Tailslap          |     7 |    28 |     8 ||    43
       Trident           |       |   121 |   101 ||   222
Invok: Berserk           |     1 |     2 |     1 ||     4
       Trog's Hand       |       |       |     1 ||     1
  Use: Scroll            |     5 |     4 |     3 ||    12
       Potion            |     3 |     5 |     2 ||    10
 Stab: Sleeping          |     1 |     1 |     1 ||     3
  Eat: Chunk             |     1 |     6 |     5 ||    12
       Ration            |       |     1 |       ||     1
Armor: Skin              |    28 |    54 |    26 ||   108
Dodge: Dodged            |    58 |   106 |   103 ||   267
